 Dungeon Sprint DCSS version 0.20.1-1-g8b1a95d (webtiles) character file.

3972 Fang the Severer (level 10, -1/73 HPs)
             Began as a Gargoyle Berserker on Oct 19, 2018.
             Was a High Priest of Trog.
             Slain by a snapping turtle (15 damage)
             ... in the Dungeon (Sprint VII: "The Pits").
             The game lasted 00:02:08 (1260 turns).

Fang the Severer (Gargoyle Berserker)               Turns: 1260, Time: 00:02:09

Health: -1/73      AC: 24    Str: 31    XL:     10   Next: 22%
Magic:  3/3        EV: 10    Int:  7    God:    Trog [*****.]
Gold:   0          SH:  0    Dex:  9    Spells: 9/9 levels left

rFire    . . .     SeeInvis .   b - +2 war axe (antimagic)
rCold    . . .     Gourm    .   (no shield)
rNeg     + . .     Faith    .   o - +2 plate armour
rPois    ∞         Spirit   .   w - +1 hat
rElec    +         Reflect  .   (no cloak)
rCorr    .         Harm     .   (no gloves)
MR       .....     NoTele   +   (no boots)
Stlth    ..........             (no amulet)
Regen    0.3/turn               q - +3 ring of strength
MPRegen  0.1/turn               u - +3 ring of strength

@: berserk cooldown, slowed, very slow
A: negative energy resistance 1, electricity resistance, unbreathing,
petrification resistance, rot immunity, AC +7
a: Berserk, Trog's Hand, Brothers in Arms, Burn Spellbooks, Renounce Religion


You were in the Dungeon.
You worshipped Trog.
Trog was extremely pleased with you.
You were not hungry.

You visited 1 branch

Inventory:

Hand Weapons
 b - a +2 antimagic war axe (weapon)
 j - a +2 hand axe
 p - a +2 hand axe of freezing
 r - a +5 battleaxe of chopping
Armour
 o - a +2 plate armour (worn)
 w - a +1 hat (worn)
Jewellery
 q - a +3 ring of strength (left hand)
 u - a +3 ring of strength (right hand)
Scrolls
 i - a scroll of blinking
 k - 3 scrolls of remove curse
 l - a scroll of summoning
Potions
 a - 2 potions of invisibility
 d - 9 potions of curing
 e - 8 potions of heal wounds
 f - 2 potions of haste
 g - 4 potions of magic
 h - 5 potions of berserk rage
 s - a potion of brilliance
 t - a potion of might
Comestibles
 c - 7 bread rations
 m - 40 fruits
 n - 7 meat rations


   Skills:
 + Level 13.2 Fighting
 + Level 15.3 Axes
 + Level 9.1 Armour
 + Level 5.9 Dodging
 + Level 0.8 Stealth


You had 9 spell levels left.
You didn't know any spells.

Dungeon Overview and Level Annotations

Branches:
Dungeon (1/1)

Altars:
Ashenzari
Cheibriados
Dithmenos
Elyvilon
Fedhas
Gozag
Hepliaklqana
Kikubaaqudgha
Makhleb
Nemelex Xobeh
Okawaru
Qazlal
Ru
Sif Muna
Trog
Uskayaw
Vehumet
Xom
Yredelemnul
Zin
The Shining One
Beogh
Jiyva
Lugonu


Innate Abilities, Weirdness & Mutations

You are resistant to torment.
Your stone body is resilient. (AC +7)
You are immune to poison.
You resist negative energy. (rN+)
You are resistant to electric shocks. (rElec)
You can survive without breathing.
You are immune to petrification.
You are immune to rotting.


Message History

Unknown command.
You slash the polar bear!
The polar bear is lightly wounded.
The polar bear bites you but does no damage.
The polar bear claws you but does no damage.
The polar bear closely misses you.
The snapping turtle bites you from afar!
* * * LOW HITPOINT WARNING * * *
The snapping turtle bites you from afar.
* * * LOW HITPOINT WARNING * * *
The polar bear barely misses you. The polar bear misses you.
The polar bear barely misses you.
The polar bear bites you but does no damage.
The polar bear claws you but does no damage. x2
Your iron troll barely misses the polar bear.
Your iron troll claws the polar bear!! x2
The polar bear dies!
Trog accepts your kill.
The snapping turtle bites you from afar!
You die...

### #+######
..#####.##...##+##
)...##...#...#†..#
)....#...#...#.†.#
)....'...'.(.)T.F+
.....#...#)..#..@#
....##...#...#t..#
..#####.##...##w##
### #+######...
..#.. ..# #.. ###
###


You could see a tyrant leech, a snapping turtle, a blink frog and a friendly
iron troll (berserk).

Vanquished Creatures
  An eidolon (D)
  Urug (D)
  A smoke demon (D)
  A hellwing (D)
  A jumping spider (D)
  2 blink frogs (D)
  A tarantella (D)
  3 necrophages (D)
  An eye of draining (D)
  2 centaurs (D)
  A scorpion (D)
  An iron imp (D)
  A jelly (D)
  A gnoll shaman (D)
  Jessica (D)
  A worker ant (D)
  3 gnolls (D)
  An adder (D)
  2 ufetubi (D)
  2 leopard geckos (D)
  2 bat skeletons (D)
  A giant cockroach (D)
  A goblin (D)
  2 jackals (D)
  A kobold (D)
  A leopard gecko skeleton (D)
  A rat (D)
37 creatures vanquished.

Vanquished Creatures (collateral kills)
  A vampire knight (D)
  A polar bear (D)
2 creatures vanquished.

Grand Total: 39 creatures vanquished

Notes
Turn   | Place    | Note
-------+----------+-------------------------------------------
     0 | D        | Fang the Gargoyle Berserker began the quest for the Orb.
     0 | D        | Reached XP level 1. HP: 14/14 MP: 1/1
    19 | D        | Reached skill level 3 in Axes
    91 | D        | Found a bloodstained altar of Trog.
    91 | D        | Found a deep blue altar of Sif Muna.
    91 | D        | Found a viscous altar of Jiyva.
    91 | D        | Found a hazy altar of Hepliaklqana.
    91 | D        | Found an opulent altar of Gozag.
   123 | D        | Noticed a worker ant
   125 | D        | Reached XP level 2. HP: 18/20 MP: 2/2
   130 | D        | Reached ** piety under Trog
   130 | D        | Reached skill level 5 in Fighting
   130 | D        | Reached skill level 4 in Axes
   130 | D        | Reached XP level 3. HP: 16/26 MP: 3/3
   273 | D        | Reached *** piety under Trog
   273 | D        | Received a gift from Trog
   344 | D        | Found a glowing golden altar of the Shining One.
   344 | D        | Found a glowing silver altar of Zin.
   344 | D        | Found a basalt altar of Yredelemnul.
   344 | D        | Found a shimmering altar of Xom.
   344 | D        | Found a sacrificial altar of Ru.
   344 | D        | Found a stormy altar of Qazlal.
   344 | D        | Found an iron altar of Okawaru.
   344 | D        | Found a sparkling altar of Nemelex Xobeh.
   344 | D        | Found a burning altar of Makhleb.
   344 | D        | Found a blossoming altar of Fedhas.
   344 | D        | Found a white marble altar of Elyvilon.
   344 | D        | Found a shadowy altar of Dithmenos.
   344 | D        | Found a snail-covered altar of Cheibriados.
   345 | D        | Found a radiant altar of Vehumet.
   345 | D        | Found a corrupted altar of Lugonu.
   345 | D        | Found a roughly hewn altar of Beogh.
   346 | D        | Found a hide-covered altar of Uskayaw.
   346 | D        | Found an ancient bone altar of Kikubaaqudgha.
   346 | D        | Found a shattered altar of Ashenzari.
   374 | D        | Noticed a necrophage
   375 | D        | Noticed Jessica
   377 | D        | Noticed a centaur
   389 | D        | Reached skill level 5 in Axes
   390 | D        | Killed a necrophage
   390 | D        | Reached **** piety under Trog
   390 | D        | Reached skill level 6 in Axes
   390 | D        | Reached XP level 4. HP: 34/34 MP: 4/4
   390 | D        | Reached XP level 5. HP: 38/38 MP: 5/5
   396 | D        | Killed a centaur
   396 | D        | Received a gift from Trog
   396 | D        | Reached skill level 8 in Axes
   396 | D        | Reached XP level 6. HP: 45/45 MP: 6/6
   399 | D        | Killed Jessica
   464 | D        | Reached ***** piety under Trog
   469 | D        | Noticed a tarantella
   472 | D        | Killed a tarantella
   472 | D        | Reached skill level 9 in Axes
   472 | D        | Reached skill level 5 in Armour
   472 | D        | Reached XP level 7. HP: 52/52 MP: 7/7
   483 | D        | Reached skill level 10 in Fighting
   483 | D        | Reached skill level 10 in Axes
   689 | D        | Noticed a jumping spider
   689 | D        | Noticed a smoke demon
   695 | D        | Killed a smoke demon
   695 | D        | Reached skill level 11 in Axes
   695 | D        | Reached XP level 8. HP: 59/59 MP: 8/8
   701 | D        | Killed a jumping spider
   701 | D        | Received a gift from Trog
   701 | D        | Reached ****** piety under Trog
   946 | D        | Reached skill level 5 in Dodging
   947 | D        | Reached skill level 12 in Axes
   956 | D        | Noticed a vampire knight
   959 | D        | Paralysed by a vampire knight for 2 turns
   961 | D        | Killed a vampire knight
   961 | D        | Reached skill level 13 in Axes
   961 | D        | Reached XP level 9. HP: 48/65 MP: 5/9
  1040 | D        | Noticed an eidolon
  1041 | D        | Noticed Urug
  1041 | D        | Noticed a hellwing
  1046 | D        | Killed a hellwing
  1050 | D        | Killed Urug
  1050 | D        | Reached skill level 14 in Axes
  1051 | D        | Killed an eidolon
  1051 | D        | Received a gift from Trog
  1051 | D        | Reached XP level 10. HP: 14/72 MP: 10/10
  1250 | D        | Reached skill level 15 in Axes
  1260 | D        | Slain by a snapping turtle

Skill      XL: |  1  2  3  4  5  6  7  8  9 10 |
---------------+-------------------------------+-----
Fighting       | 4 5 7 8 9 10 11 12 13 | 13.2
Axes           | 3 4 6 8 9 11 13 14 15 | 15.3
Dodging        | 2 3 4 5 |  5.9
Armour         | 3 4 5 6 8 9 |  9.1
Stealth        | |  0.8

Action                   |  1- 3 |  4- 6 |  7- 9 | 10-12 || total
-------------------------+-------+-------+-------+-------++-------
Melee: Hand axe          |    38 |    18 |    34 |       ||    90
       Battleaxe         |       |       |    14 |       ||    14
       War axe           |       |       |       |     8 ||     8
Invok: Berserk           |     1 |       |     4 |     1 ||     6
       Brothers in Arms  |       |       |     1 |     1 ||     2
  Eat: Chunk             |       |       |     4 |     1 ||     5
       Bread ration      |       |       |       |     1 ||     1
Armor: Animal skin       |    11 |       |       |       ||    11
       Plate armour      |    19 |     7 |    30 |    24 ||    80
Dodge: Dodged            |    34 |     7 |    20 |    13 ||    74
